Map: Acropolis LE

Players

TLO

  • Race: Zerg Zerg
  • Spawn Location: 5:00

ShaDoWn - Winner!

  • Race: Protoss Protoss
  • Spawn Location: 11:00

VOD

Have the link to the VOD?

Description

Time

  • Played on: Sept. 6, 2019, 1:14 p.m.
  • Length: 15:24
Show
View Real Time Build Order
Export as new Build Order

TLO Zerg 

Build Orders: Hatch First, Brood Lord Corruptor, Muta Ling Bane, Roach Hydra 

Get SALT Encoding   

  12  0:00  Drone  
  13  0:12  Overlord  
  13  0:16  Drone  
  14  0:30  Drone  
  14  0:32  Drone  
  16  0:48  Hatchery  
  15  0:51  Drone  
  15  0:55  Drone  
  17  0:59  Drone  
  18  1:06  Extractor  
  17  1:13  Spawning Pool  
  17  1:15  Drone  
  17  1:19  Drone  
  18  1:28  Drone  
  19  1:38  Drone  
  20  1:51  Overlord  
  20  1:59  Queen  
  20  2:00  Queen  
  20  2:01  Zergling x4  
  26  2:12  Drone  
  26  2:14  Drone  
  28  2:21  Drone  
  30  2:22  Drone  
  30  2:29  Hatchery  
  29  2:35  Drone, Pneumatized Carapace  
  30  2:39  Overlord  
  30  2:47  Queen  
  30  2:50  Drone  
  30  2:51  Drone  
  34  2:57  Overlord  
  34  2:58  Drone  
  35  3:04  Drone  
  36  3:06  Drone  
  36  3:07  Drone x2  
  36  3:10  Drone  
  36  3:12  Drone  
  41  3:15  Overlord  
  41  3:17  Drone  
  42  3:20  Drone  
  42  3:22  Drone  
  44  3:27  Queen  
  44  3:30  Drone  
  47  3:34  Spore Crawler, Drone  
  47  3:38  Overlord  
  47  3:40  Drone  
  48  3:41  Drone  
  48  3:47  Spore Crawler  
  49  3:48  Drone  
  49  3:49  Spore Crawler  
  49  3:50  Drone  
  49  3:51  Drone  
  49  3:53  Drone  
  51  3:57  Drone x2  
  51  3:58  Drone  
  51  4:01  Overlord  
  54  4:04  Drone  
  54  4:07  Drone  
  54  4:08  Drone  
  57  4:12  Drone x4  
  57  4:15  Drone  
  57  4:16  Drone  
  63  4:23  Roach Warren, Drone  
  63  4:25  Drone  
  63  4:28  Lair  
  63  4:31  Extractor, Drone x2  
  66  4:33  Drone  
  66  4:34  Drone  
  66  4:37  Overlord  
  67  4:39  Drone  
  67  4:41  Drone  
  67  4:44  Drone, Extractor  
  67  4:45  Extractor, Drone x3  
  72  4:48  Evolution Chamber  
  72  4:49  Overlord  
  72  4:52  Metabolic Boost  
  70  4:53  Overlord  
  70  4:57  Overlord  
  70  5:03  Roach x6  
  82  5:07  Spore Crawler  
  82  5:08  Roach  
  82  5:09  Roach  
  82  5:11  Drone  
  82  5:12  Drone  
  86  5:14  Drone  
  86  5:20  Drone  
  85  5:22  Drone x3  
  85  5:23  Drone  
  85  5:26  Drone  
  86  5:30  Drone  
  86  5:31  Drone x2  
  86  5:32  Drone  
  86  5:35  Drone, Extractor  
  89  5:36  Drone, Extractor  
  89  5:42  Drone  
  90  5:46  Drone  
  90  5:48  Drone  
  92  5:51  Drone  
  92  5:52  Zerg Missile Weapons Level 1  
  92  5:53  Glial Reconstitution  
  92  5:54  Hatchery  
  92  5:57  Drone  
  93  6:00  Overlord  
  93  6:03  Overlord  
  93  6:04  Overlord  
  93  6:11  Spire  
  93  6:12  Zergling x4  
  93  6:15  Roach  
  93  6:16  Roach  
  93  6:17  Roach  
  102  6:18  Zergling x2, Roach  
  102  6:19  Zergling x2  
  102  6:20  Zergling x4  
  102  6:21  Zergling x2, Hatchery  
  102  6:24  Drone  
  105  6:27  Drone  
  105  6:29  Drone  
  105  6:36  Drone  
  105  6:37  Drone  
  105  6:38  Drone  
  108  6:40  Drone  
  108  6:42  Drone  
  108  6:43  Overlord  
  110  6:47  Overlord  
  110  6:55  Overlord  
  110  6:57  Overlord  
  110  7:02  Overlord  
  110  7:08  Baneling Nest  
  110  7:11  Hydralisk Den  
  108  7:24  Mutalisk  
  108  7:25  Mutalisk x6  
  108  7:26  Mutalisk  
  108  7:29  Zergling x4, Drone  
  127  7:32  Mutalisk  
  127  7:36  Zergling x4  
  130  7:39  Drone x11  
  141  7:45  Infestation Pit  
  141  7:49  Muscular Augments  
  141  7:50  Hydralisk x2  
  144  7:52  Extractor  
  144  7:53  Extractor  
  144  7:57  Zerg Melee Weapons Level 1  
  142  8:00  Roach x2  
  142  8:02  Zergling x2  
  142  8:03  Zergling x12  
  153  8:06  Hydralisk  
  153  8:10  Hydralisk x2  
  153  8:12  Hydralisk  
  156  8:13  Drone  
  156  8:14  Roach  
  156  8:15  Roach  
  156  8:17  Roach  
  156  8:18  Roach  
  153  8:20  Roach  
  153  8:22  Hydralisk  
  153  8:24  Zergling x6  
  153  8:25  Roach  
  153  8:26  Roach  
  161  8:29  Overlord  
  161  8:31  Zergling x2  
  161  8:32  Zergling x4  
  164  8:35  Centrifical Hooks  
  164  8:39  Zergling x8  
  164  8:40  Zergling x2  
  169  8:46  Drone x2  
  169  8:48  Spore Crawler  
  170  8:49  Hive  
  170  8:51  Baneling x8  
  170  8:59  Zergling x4  
  170  9:00  Grooved Spines, Zergling x4  
  170  9:01  Evolution Chamber, Zergling x2  
  174  9:06  Overlord  
  174  9:11  Zergling x2  
  174  9:13  Baneling  
  174  9:14  Baneling x15  
  174  9:16  Hatchery  
  175  9:17  Zergling x6  
  175  9:18  Zergling x2  
  175  9:19  Zergling x4  
  175  9:24  Zergling x2  
  181  9:27  Hydralisk x3  
  187  9:33  Overlord  
  187  9:39  Overlord  
  187  9:40  Overseer  
  187  9:45  Drone, Spine Crawler x2  
  186  9:46  Spine Crawler  
  186  9:47  Spine Crawler  
  184  10:04  Greater Spire  
  184  10:10  Corruptor  
  184  10:11  Corruptor x7  
  200  10:21  Overlord  
  195  10:39  Corruptor  
  199  10:45  Corruptor  
  175  11:01  Zergling x2  
  174  11:08  Drone, Spine Crawler  
  174  11:09  Spine Crawler  
  174  11:10  Overseer, Spine Crawler  
  172  11:11  Spine Crawler  
  172  11:13  Overlord  
  172  11:16  Brood Lord x8  
  172  11:18  Zergling x2  
  185  11:21  Brood Lord  
  185  11:22  Zergling x2  
  185  11:23  Zergling x2  
  185  11:24  Zergling x2  
  190  11:32  Drone  
  191  11:34  Zergling x2  
  191  11:35  Zergling x2, Spine Crawler x2  
  191  11:36  Spine Crawler x2  
  189  11:42  Brood Lord  
  189  11:46  Overseer x4  
  189  11:47  Overseer  
  189  11:49  Hydralisk x2  
  189  11:54  Hydralisk x2  
  195  12:13  Hydralisk  
  192  12:16  Hydralisk x2  
  192  12:18  Zergling x4  
  198  12:25  Zergling x4  
  198  12:26  Zergling x4  
  198  12:29  Zergling x2  
  196  12:37  Zergling x2  
  196  12:43  Overlord  
  191  12:45  Baneling  
  191  12:46  Baneling x22  
  191  12:55  Overlord  
  191  12:56  Overseer  
  191  12:58  Overlord  
  191  13:02  Overlord  
  191  13:03  Overseer  
  190  13:10  Hydralisk x3  
  190  13:11  Hydralisk x2  
  190  13:12  Zergling x2, Overseer, Hydralisk  
  175  13:13  Zergling x2, Hydralisk x4  
  175  13:16  Zergling x2, Hydralisk x2  
  175  13:17  Zergling x4  
  175  13:18  Hydralisk  
  175  13:19  Hydralisk x3  
  180  13:21  Hydralisk  
  180  13:25  Hydralisk  
  180  13:26  Zergling x2, Overseer  
  161  13:29  Hydralisk  
  161  13:30  Zergling x2  
  161  13:33  Zergling x4  
  138  13:35  Zergling x2  
  138  13:36  Zergling x2  
  122  13:42  Drone x2  
  122  13:43  Zergling x2, Drone  
  122  13:44  Zergling x2  
  122  13:45  Zergling x2  
  122  13:47  Hydralisk  
  130  13:50  Zergling x2  
  130  13:52  Zergling x2  
  130  13:54  Zergling x2  
  130  13:55  Baneling  
  133  14:07  Overseer  
  133  14:08  Zergling x4  
  134  14:11  Baneling, Hydralisk  
  134  14:13  Hydralisk  
  135  14:22  Hydralisk x3  
  135  14:23  Zergling x2  
  141  14:24  Overseer x2  
  141  14:26  Baneling x2  
  137  14:37  Hydralisk  
  128  14:38  Hydralisk  
  128  14:44  Hydralisk x2  
  128  14:45  Hydralisk  
  123  14:49  Hydralisk  
  121  14:56  Hydralisk x2  
  121  14:58  Zergling x2  
  121  14:59  Hydralisk x2  
  116  15:03  Zergling x2  
  116  15:06  Zergling x2  
Show
View Real Time Build Order
Export as new Build Order

ShaDoWn Protoss - Winner!

Build Orders: 1 Gate Expand, Oracle Opening, Archon Immortal, Archon Drop 

Get SALT Encoding   

  12  0:00  Probe  
  13  0:12  Probe  
  14  0:20  Pylon  
  14  0:24  Probe  
  15  0:34  Probe  
  15  0:39  Gateway  
  16  0:42  Probe  
  16  0:48  Assimilator  
  17  0:53  Probe  
  18  1:05  Probe  
  19  1:17  Probe  
  20  1:24  Nexus  
  20  1:33  Cybernetics Core  
  20  1:36  Probe  
  21  1:41  Assimilator  
  21  1:48  Probe  
  21  1:50  Pylon  
  22  1:59  Adept  
  22  2:00  Probe  
  23  2:12  Probe  
  26  2:19  Stargate  
  26  2:24  Probe  
  26  2:29  Stalker  
  29  2:32  Probe x2  
  31  2:39  Warp Gate  
  31  2:40  Probe x2  
  32  2:50  Probe x2  
  33  2:55  Oracle  
  33  2:56  Shield Battery  
  35  3:02  Probe x2  
  40  3:08  Pylon  
  40  3:14  Probe  
  40  3:15  Probe  
  40  3:16  Assimilator  
  40  3:19  Assimilator  
  42  3:25  Robotics Facility  
  42  3:26  Probe  
  43  3:28  Probe  
  44  3:35  Probe  
  44  3:40  Probe  
  46  3:43  Probe  
  46  3:44  Twilight Council  
  47  3:52  Probe x2  
  47  3:53  Gateway  
  48  3:56  Gateway  
  48  4:02  Warp Prism  
  49  4:04  Probe x2  
  49  4:05  Gateway  
  51  4:16  Pylon  
  53  4:19  Probe  
  54  4:34  Templar Archives  
  54  4:35  Adept  
  56  4:41  Nexus  
  56  4:44  Probe  
  57  4:46  Pylon  
  57  4:48  Probe  
  59  4:56  Probe  
  59  5:00  Probe  
  59  5:01  Pylon  
  60  5:08  Probe  
  60  5:10  High Templar x2  
  60  5:11  High Templar x2  
  60  5:12  Observer  
  70  5:15  Archon x2  
  70  5:19  Probe  
  70  5:21  Probe  
  72  5:23  Immortal  
  68  5:31  Robotics Facility  
  68  5:32  Probe  
  73  5:39  Probe  
  74  5:45  Probe  
  74  5:46  Forge  
  75  5:51  Probe  
  75  5:52  Adept  
  75  5:53  Probe  
  75  5:54  Adept  
  75  5:55  Probe, Sentry x2  
  85  5:58  Shield Battery  
  85  5:59  Probe  
  85  6:01  Probe  
  85  6:02  Immortal  
  85  6:04  Probe  
  93  6:29  Immortal, Probe x2  
  93  6:33  Probe  
  93  6:38  Assimilator  
  93  6:39  Assimilator  
  90  6:41  Probe x2  
  90  6:42  Protoss Ground Weapons Level 1  
  90  6:43  Charge  
  90  6:45  Probe  
  90  6:46  Pylon  
  93  6:48  Pylon  
  93  6:51  Gateway  
  93  6:52  Gateway  
  93  6:54  Immortal  
  93  6:56  Pylon  
  93  7:05  Warp Prism  
  97  7:09  Shield Battery, Zealot x3  
  97  7:10  Zealot  
  97  7:11  Shield Battery  
  97  7:14  Gateway  
  107  7:15  Gateway  
  107  7:23  Probe  
  107  7:29  Photon Cannon  
  108  7:31  Phoenix  
  108  7:33  Nexus  
  108  7:36  Pylon  
  110  7:41  Warp Prism  
  112  7:44  High Templar x2  
  112  7:47  Pylon  
  116  7:51  Pylon  
  116  7:52  Phoenix  
  116  7:55  Immortal  
  116  7:58  Photon Cannon  
  120  8:02  Stalker  
  120  8:03  Shield Battery  
  120  8:05  Archon  
  124  8:12  Zealot  
  121  8:21  Phoenix  
  121  8:23  Probe  
  121  8:25  Immortal  
  124  8:30  Protoss Ground Weapons Level 2  
  124  8:32  Nexus  
  124  8:34  Pylon, High Templar x4  
  134  8:44  Phoenix  
  134  8:45  Shield Battery, Photon Cannon  
  134  8:47  Photon Cannon  
  136  8:55  Assimilator  
  136  8:57  Assimilator  
  136  8:59  Photon Cannon  
  136  9:01  High Templar  
  138  9:09  Phoenix  
  138  9:13  Immortal x2  
  138  9:15  High Templar  
  148  9:18  Photon Cannon  
  148  9:23  Photon Cannon  
  148  9:24  Pylon  
  148  9:34  Fleet Beacon  
  148  9:36  Protoss Air Weapons Level 1  
  148  9:39  Stargate  
  148  9:49  Pylon  
  148  10:00  High Templar  
  148  10:04  Gateway x2  
  150  10:10  High Templar x2  
  154  10:15  Archon  
  154  10:21  Mothership  
  154  10:25  Tempest  
  154  10:32  Tempest  
  163  10:40  Psionic Storm  
  168  10:45  Pylon  
  168  10:48  Pylon  
  164  10:50  Pylon  
  164  10:53  Pylon  
  164  10:58  Protoss Ground Weapons Level 3  
  164  11:00  Photon Cannon, Tempest  
  164  11:09  Zealot x2  
  164  11:10  Zealot x2  
  176  11:12  Warp Prism, Tempest  
  181  11:31  Nexus  
  181  11:34  High Templar, Tempest  
  181  11:36  High Templar  
  185  11:41  Pylon  
  185  11:43  Pylon  
  185  11:46  Pylon  
  188  11:48  Zealot x2  
  188  11:49  Zealot x3  
  193  12:08  Observer  
  193  12:13  Zealot x5  
  193  12:15  Oracle  
  195  12:18  Tempest  
  190  12:29  Zealot x5  
  178  12:46  Tempest  
  178  12:52  Carrier  
  178  12:54  Protoss Air Weapons Level 2  
  183  13:00  Photon Cannon  
  183  13:01  Photon Cannon  
  183  13:04  Shield Battery  
  170  13:15  Zealot x9  
  170  13:19  Zealot, Carrier  
  175  13:24  Archon  
  152  13:36  High Templar x9  
  164  13:48  Zealot  
  164  13:52  Archon x2  
  166  13:58  Observer  
  167  14:09  Zealot x10  
  187  14:13  Zealot x7  
  187  14:15  Zealot x3  
  173  14:40  High Templar x6  
  173  14:41  Zealot x3, High Templar  
  173  14:45  Archon x2  
  193  14:46  Archon  
  189  15:05  Nexus  
  187  15:09  Zealot  
  187  15:15  Nexus  
  187  15:20  Zealot x2  
  189  15:23  Archon  
Tags
 
Add a new tag
Caveats
  • Supply blocks, unpowered buildings, or Contaminate may cause inaccurate times.
  • Supply counts are checked every 10 seconds.